 Dungeon Crawl Stone Soup version 0.30-a0-225-g04c3547f4f (webtiles) character file.

Game seed: 14717693879566501879

34894 qw the Severer (level 13, -3/85 HPs)
             Began as a Gargoyle Fighter on Oct 9, 2022.
             Was a High Priest of Okawaru.
             Slain by a five-headed hydra (6 damage)
             ... on level 5 of the Lair of Beasts.
             The game lasted 00:06:05 (14614 turns).

qw the Severer (Gargoyle Fighter)                  Turns: 14614, Time: 00:06:06

Health: -3/85      AC: 24    Str: 32    XL:     13   Next: 80%
Magic:  16/20      EV: 13    Int: 11    God:    Okawaru [*****.]
Gold:   1401       SH:  6    Dex:  9    Spells: 12/12 levels left

rFire   . . .      SeeInvis .    b - +0 morningstar
rCold   . . .      Faith    .    c - +0 buckler
rNeg    + . .      Spirit   .    x - +1 ring mail "Dushros" {Str+9}
rPois   inf        Reflect  .    a - +0 helmet
rElec   +          Harm     .    k - +0 cloak
rCorr   +          Rampage  .    m - +1 pair of gloves
Will    .....                    (no boots)
Stlth   ++........               i - amulet of the acrobat
HPRegen 0.34/turn                w - ring of resist corrosion
MPRegen 0.17/turn                (no ring)

@: about to teleport, heroic, finesse-ful
A: sickness immunity, AC +9, negative energy resistance 1, electricity
resistance, torment resistance 1, petrification resistance
a: Renounce Religion, Heroism, Finesse, Duel


You were on level 5 of the Lair of Beasts.
You worshipped Okawaru.
Okawaru was extremely pleased with you.
You visited 2 branches of the dungeon, and saw 13 of its levels.
You also visited: Ossuary.

You collected 1401 gold pieces.


Innate Abilities, Weirdness & Mutations

You are immune to sickness and miasma.
Your stone body is resilient. (AC +9)
You are immune to poison.
You resist negative energy. (rN+)
You are resistant to electric shocks. (rElec)
You are resistant to unholy torment.
You are immune to petrification.


   Skills:
 + Level 11.7(16.7) Fighting
 - Level 15.0(20.0) Axes
 - Level 0.4(5.4) Throwing
 - Level 8.3(13.3) Armour
 - Level 3.0(8.0) Dodging
 - Level 7.2(12.2) Shields
 - Level 10.0 Invocations


You had 12 spell levels left.
You didn't know any spells.
Your spell library was empty.

Inventory:

Hand Weapons
 b - a +0 morningstar (weapon)
 g - a +4 vampiric war axe
 l - a +1 spectral war axe
Armour
 a - a +0 helmet (worn)
 c - a +0 buckler (worn)
 k - a +0 cloak (worn)
 m - a +1 pair of gloves (worn)
 r - the +0 hat of the Ancient Artisans {rC- rN+ Dex+4}
   (Okawaru gifted it to you on level 8 of the Dungeon)

   Dex:       It affects your dexterity (+4).
   rC:        It makes you vulnerable to cold.
   rN:        It protects you from negative energy.
 x - the +1 ring mail "Dushros" (worn) {Str+9}
   (You found it on level 4 of the Lair of Beasts)

   Str:       It affects your strength (+9).
Jewellery
 i - an amulet of the acrobat (around neck)
 w - a ring of resist corrosion (left hand)
Scrolls
 p - 3 scrolls of identify
Potions
 d - 2 potions of might
 e - 3 potions of lignification
 f - 5 potions of cancellation
 h - 4 potions of attraction
 j - a potion of magic
 n - 5 potions of mutation
 o - 7 potions of curing
 u - a potion of haste

Dungeon Overview and Level Annotations

Branches:
Dungeon (8/15)             Temple (0/1) D:7            Lair (5/5) D:8
 Shoals (0/4) Lair:3        Snake (0/4) Lair:2        Slime (0/5) Lair:4
Ossuary (visited)

Altars:
Okawaru
Uskayaw
Vehumet
Jiyva

Shops:
D:1 =   D:2 (

Annotations:
D:3 1 runed translucent door, Crazy Yiuf
Lair:1 2 transporters, qw's ghost, journeyman GrFi
Lair:4 1 runed translucent door, Rupert
Lair:5 2 runed translucent doors


Message History

You barely miss the molten gargoyle. You puncture the molten gargoyle!
The molten gargoyle is heavily damaged.
You barely miss the molten gargoyle.
The molten gargoyle is heavily damaged.
You block the molten gargoyle's attack.
You hit the molten gargoyle.
The molten gargoyle is severely damaged.
The five-headed hydra bites you but does no damage.
The five-headed hydra misses you. The five-headed hydra bites you!
The five-headed hydra bites you but does no damage. x2
You sock the molten gargoyle!
You destroy the molten gargoyle!
Okawaru accepts your kill.
You puncture the five-headed hydra!
The five-headed hydra is moderately wounded.
A hell hound comes into view.
The five-headed hydra bites you! x3
The five-headed hydra bites you but does no damage.
You block the five-headed hydra's attack.
14610 ||| Stepping ~*~*~tactically~*~*~ (stealth).
You bludgeon the five-headed hydra!!
The five-headed hydra is heavily wounded.
You completely miss the five-headed hydra.
The five-headed hydra is heavily wounded.
You puncture the five-headed hydra!
The five-headed hydra is severely wounded.
You block the five-headed hydra's attack.
The five-headed hydra barely misses you.
The five-headed hydra bites you!
The five-headed hydra bites you but does no damage.
The five-headed hydra bites you.
14614 ||| READING scroll of teleportation.
As you read the scroll of teleportation, it crumbles to dust.
You feel strangely unstable.
The five-headed hydra bites you but does no damage. x2
The five-headed hydra bites you!
The five-headed hydra bites you but does no damage.
The five-headed hydra bites you.
You die...

...~~~#!.....+... .. #.#
...~¤¤#$.. .+... .h. #..
...~¤~#|$. ..#~¤# .... #.#
~...~~##$...##~~###... #.#
~...#~~######~~¤#...# ###
~..##~~~¤~~¤¤~~~..~# #
~~#%..~###¤~~~#)¤# ###
#~##...#..¤¤¤..D### ###.#
#~~¤~#.....¤#¤.%@8# ##..##
#~~~~#.....#.....## ##...P.
##¤~.......#....8# #......
#~~##8..........## #P.....
~~# ##.........#8#####
###....# ~~
#8#8#.....#####..#####.....#.
# ######....# #....##.......#
##...# #...##.###P..## ####
#^.######..##### ###..#


You could see a five-headed hydra.

Vanquished Creatures
  2 hydras (Lair:5)
  2 two-headed ogres
  A boulder beetle (Lair:4)
  A skeletal warrior (D:8)
  A wolf spider (Lair:1)
  A lindwurm (Lair:5)
  8 elephants
  2 merfolk sirens (Lair:3)
  3 black mambas
  2 molten gargoyles (Lair:5)
  3 torpor snails
  9 cane toads
  A gargoyle (D:8)
  7 komodo dragons
  A rime drake (Lair:4)
  A polar bear (Lair:1)
  3 hornets
  10 blink frogs
  24 dream sheep
  2 wraiths (D:8)
  6 wyverns
  26 yaks
  5 basilisks
  Eustachio (D:4)
  3 steam dragons
  11 water moccasins
  4 nagas (Lair:2)
  3 hell hounds (Lair:5)
  5 sky beasts
  An ice beast (D:6)
  2 black bears (D:7)
  13 wolves
  2 centaurs
  An ogre (D:7)
  2 phantoms
  A kobold brigand (D:8)
  2 elf zombies (Ossuary)
  6 bullfrogs
  A necrophage (D:5)
  2 scorpions (D:5)
  5 wights (D:7)
  9 killer bees
  2 howler monkeys
  An electric eel (Lair:5)
  A jelly (D:4)
  3 lava snakes (Lair:5)
  2 centaur zombies (Ossuary)
  A human zombie (Ossuary)
  8 hounds
  2 orc priests
  5 iguanas
  6 orc wizards
  5 hell rats (Lair:3)
  2 mummies (Ossuary)
  Robin (D:3)
  15 adders
  A river rat (D:3)
  A shadow imp (D:6)
  2 white imps
  An ufetubus (D:5)
  An adder zombie (Ossuary)
  2 worms (D:3)
  6 dart slugs
  15 orcs
  8 ball pythons
  14 endoplasms
  5 giant cockroaches
  19 goblins
  13 hobgoblins
  4 jackals (D:2)
  8 kobolds
  4 quokkas
  3 bats (D:1)
  6 frilled lizards
  2 goblin zombies (Ossuary)
  7 hobgoblin zombies (Ossuary)
  2 jackal zombies (Ossuary)
  8 kobold zombies (Ossuary)
  11 orc zombies (Ossuary)
  7 rats
399 creatures vanquished.

Vanquished Creatures (others)
  24 fungi
  42 plants
66 creatures vanquished.

Grand Total: 465 creatures vanquished

Notes
Turn   | Place    | Note
-------+----------+-------------------------------------------
     0 | D:1      | qw the Gargoyle Fighter began the quest for the Orb.
     0 | D:1      | Reached XP level 1. HP: 14/14 MP: 1/1
     0 | D:1      | 0 ||| qw: Version: 0.2-a-17-g06abaee
     0 | D:1      | 0 ||| qw: Game counter: 2291
     0 | D:1      | 0 ||| qw: Always use a shield: true
     0 | D:1      | 0 ||| qw: God list: Okawaru
     0 | D:1      | 0 ||| qw: Allow faded altars: false
     0 | D:1      | 0 ||| qw: Do Orc after D:15 true
     0 | D:1      | 0 ||| qw: Do second Lair branch before Depths: true
     0 | D:1      | 0 ||| qw: Lair rune preference: random
     0 | D:1      | 0 ||| qw: Plans: Normal, Zot:1-4, God:TSO, Crypt, Tomb,
                  | Pan, Slime:5, Hells, Abyss, Orb
     0 | D:1      | 0 ||| PLANNING D:1-11
    27 | D:1      | 27 ||| Stepping ~*~*~tactically~*~*~ (stealth).
    32 | D:1      | 32 ||| Stepping ~*~*~tactically~*~*~ (stealth).
    36 | D:1      | Reached skill level 2 in Axes
    50 | D:1      | 50 ||| Stepping ~*~*~tactically~*~*~ (stealth).
    52 | D:1      | 52 ||| Stepping ~*~*~tactically~*~*~ (hiding).
    59 | D:1      | Reached XP level 2. HP: 19/19 MP: 2/2
   228 | D:1      | 228 ||| Stepping ~*~*~tactically~*~*~ (stealth).
   249 | D:1      | 249 ||| Stepping ~*~*~tactically~*~*~ (stealth).
   252 | D:1      | 252 ||| Stepping ~*~*~tactically~*~*~ (stealth).
   264 | D:1      | 264 ||| Stepping ~*~*~tactically~*~*~ (stealth).
   267 | D:1      | 267 ||| Stepping ~*~*~tactically~*~*~ (stealth).
   279 | D:1      | 279 ||| Stepping ~*~*~tactically~*~*~ (stealth).
   320 | D:1      | 320 ||| Stepping ~*~*~tactically~*~*~ (hiding).
   329 | D:1      | Reached skill level 3 in Axes
   330 | D:1      | Reached XP level 3. HP: 23/23 MP: 3/3
   426 | D:1      | Found a faded altar of an unknown god.
   465 | D:1      | 465 ||| DROPPING +0 club.
   505 | D:1      | Found Obiycibemm's Jewellery Emporium.
   510 | D:1      | 510 ||| SHOPLISTING +6 ring of dexterity (468 gold, have
                  | 27).
   510 | D:1      | 510 ||| SHOPLISTING amulet of regeneration (390 gold, have
                  | 27).
   510 | D:1      | 510 ||| SHOPLISTING amulet of the acrobat (390 gold, have
                  | 27).
   510 | D:1      | 510 ||| SHOPLISTING ring "Feang" {rC+ rCorr Str+4 SInv}
                  | (559 gold, have 27).
   510 | D:1      | 510 ||| SHOPLISTING ring of positive energy (260 gold, have
                  | 27).
   786 | D:1      | 786 ||| READING scroll labelled BEGAOJ KOOT.
   791 | D:1      | 791 ||| READING scroll labelled FUCUGOGY ELETE.
   792 | D:1      | 792 ||| DRINKING 2 coppery potions.
   912 | D:2      | 912 ||| DROPPING +0 mace of holy wrath.
   996 | D:2      | 996 ||| Stepping ~*~*~tactically~*~*~ (stealth).
  1032 | D:2      | Found Girot's Antique Weapon Shoppe.
  1046 | D:2      | 1046 ||| SHOPLISTING flail (98 gold, have 35).
  1046 | D:2      | 1046 ||| SHOPLISTING glowing hand axe (168 gold, have 35).
  1052 | D:2      | 1052 ||| Stepping ~*~*~tactically~*~*~ (stealth).
  1064 | D:2      | Reached XP level 4. HP: 28/28 MP: 4/4
  1077 | D:2      | 1077 ||| FLEEEEING.
  1078 | D:2      | 1078 ||| FLEEEEING.
  1079 | D:2      | 1079 ||| FLEEEEING.
  1080 | D:2      | 1080 ||| FLEEEEING.
  1081 | D:2      | 1081 ||| FLEEEEING.
  1082 | D:2      | 1082 ||| FLEEEEING.
  1084 | D:2      | 1084 ||| FLEEEEING.
  1085 | D:2      | 1085 ||| FLEEEEING.
  1086 | D:2      | 1086 ||| FLEEEEING.
  1087 | D:2      | 1087 ||| FLEEEEING.
  1088 | D:2      | 1088 ||| FLEEEEING.
  1089 | D:2      | 1089 ||| FLEEEEING.
  1090 | D:2      | 1090 ||| FLEEEEING.
  1091 | D:2      | 1091 ||| FLEEEEING.
  1092 | D:2      | 1092 ||| FLEEEEING.
  1093 | D:2      | 1093 ||| FLEEEEING.
  1176 | D:2      | Reached skill level 4 in Axes
  1370 | D:2      | 1370 ||| DROPPING +2 hand axe of electrocution.
  1537 | D:2      | 1537 ||| READING scroll labelled IHI PE NUNAUTZ.
  1538 | D:2      | 1538 ||| READING scroll labelled UGGASOUTAU.
  1539 | D:2      | 1539 ||| READING scroll labelled PAEHUA MIEGIBB.
  1603 | D:3      | 1603 ||| PLANNING SEWER
  1661 | D:3      | 1661 ||| Stepping ~*~*~tactically~*~*~ (hiding).
  1671 | D:3      | Noticed Robin
  1673 | D:3      | 1673 ||| Stepping ~*~*~tactically~*~*~ (hiding).
  1686 | D:3      | Killed Robin
  1689 | D:3      | 1689 ||| FLEEEEING.
  1690 | D:3      | 1690 ||| FLEEEEING.
  1691 | D:3      | 1691 ||| FLEEEEING.
  1692 | D:3      | 1692 ||| FLEEEEING.
  1693 | D:3      | 1693 ||| FLEEEEING.
  1694 | D:3      | 1694 ||| FLEEEEING.
  1695 | D:3      | 1695 ||| FLEEEEING.
  1696 | D:3      | 1696 ||| FLEEEEING.
  1699 | D:3      | 1699 ||| FLEEEEING.
  1701 | D:3      | 1701 ||| FLEEEEING.
  1704 | D:3      | 1704 ||| STAIRDANCE
  1732 | D:2      | 1732 ||| DROPPING scarf of harm.
  1733 | D:2      | 1733 ||| UPGRADING to +0 cloak.
  1793 | D:3      | Reached XP level 5. HP: 32/32 MP: 5/5
  1824 | D:3      | 1824 ||| Stepping ~*~*~tactically~*~*~ (stealth).
  1905 | D:3      | 1905 ||| Stepping ~*~*~tactically~*~*~ (hiding).
  2092 | D:3      | 2092 ||| Stepping ~*~*~tactically~*~*~ (hiding).
  2200 | D:3      | 2200 ||| FLEEEEING.
  2201 | D:3      | 2201 ||| FLEEEEING.
  2202 | D:3      | 2202 ||| FLEEEEING.
  2295 | D:3      | Found an iron altar of Okawaru.
  2300 | D:3      | 2300 ||| SWAPPING to +0 spectral war axe.
  2301 | D:3      | 2301 ||| DROPPING +0 war axe.
  2363 | D:3      | 2363 ||| Stepping ~*~*~tactically~*~*~ (hiding).
  2364 | D:3      | 2364 ||| Stepping ~*~*~tactically~*~*~ (hiding).
  2364 | D:3      | 2364 ||| RIP SEWER
  2365 | D:3      | 2365 ||| PLANNING OKAWARU WORSHIP
  2369 | D:3      | Reached skill level 5 in Axes
  2472 | D:3      | 2472 ||| UPGRADING to +0 helmet.
  2477 | D:3      | 2477 ||| UPGRADING to amulet of guardian spirit.
  2502 | D:3      | Became a worshipper of Warmaster Okawaru
  2503 | D:3      | 2503 ||| PLANNING D:1-11
  2503 | D:3      | 2503 ||| REMOVING amulet of guardian spirit.
  2949 | D:3      | Found a runed translucent door.
  2950 | D:3      | Noticed Crazy Yiuf
  2953 | D:3      | 2953 ||| DROPPING amulet of guardian spirit.
  2954 | D:3      | 2954 ||| READING scroll labelled QOLOGA CEGAA.
  3004 | D:4      | 3004 ||| READING scroll of enchant weapon.
  3004 | D:4      | 3004 ||| ENCHANTING +0 spectral war axe.
  3036 | D:4      | Reached XP level 6. HP: 38/38 MP: 6/6
  3117 | D:4      | Reached skill level 1 in Dodging
  3150 | D:4      | Noticed Eustachio
  3158 | D:4      | 3158 ||| Stepping ~*~*~tactically~*~*~ (stealth).
  3159 | D:4      | 3159 ||| Stepping ~*~*~tactically~*~*~ (stealth).
  3161 | D:4      | 3161 ||| Stepping ~*~*~tactically~*~*~ (hiding).
  3205 | D:4      | 3205 ||| FLEEEEING.
  3206 | D:4      | 3206 ||| FLEEEEING.
  3207 | D:4      | 3207 ||| FLEEEEING.
  3208 | D:4      | 3208 ||| FLEEEEING.
  3209 | D:4      | 3209 ||| FLEEEEING.
  3210 | D:4      | 3210 ||| FLEEEEING.
  3211 | D:4      | 3211 ||| FLEEEEING.
  3212 | D:4      | 3212 ||| FLEEEEING.
  3213 | D:4      | 3213 ||| FLEEEEING.
  3224 | D:4      | Killed Eustachio
  3225 | D:4      | Reached skill level 6 in Axes
  3294 | D:4      | Reached XP level 7. HP: 43/43 MP: 7/7
  3305 | D:4      | 3305 ||| Stepping ~*~*~tactically~*~*~ (stealth).
  3403 | D:4      | 3403 ||| UPGRADING to +0 chain mail.
  3413 | D:4      | 3413 ||| DROPPING +0 scale mail.
  3414 | D:4      | 3414 ||| DROPPING amulet of magic regeneration.
  3415 | D:4      | 3415 ||| DRINKING 2 fuming silvery potions.
  3416 | D:4      | 3416 ||| READING 2 scrolls of identify.
  3416 | D:4      | 3416 ||| IDENTIFYING bubbling red potion
  3438 | D:5      | Entered Level 5 of the Dungeon
  3439 | D:5      | 3439 ||| PLANNING OSSUARY
  3440 | D:5      | 3440 ||| STAIRDANCE
  3448 | D:5      | 3448 ||| DROPPING +0 whip.
  3465 | D:5      | Reached * piety under Okawaru
  3494 | D:5      | 3494 ||| INVOKING Heroism.
  3495 | D:5      | 3495 ||| INVOKING Heroism.
  3499 | D:5      | Reached skill level 1 in Invocations
  3518 | D:5      | 3518 ||| Stepping ~*~*~tactically~*~*~ (stealth).
  3519 | D:5      | 3519 ||| Stepping ~*~*~tactically~*~*~ (stealth).
  3526 | D:5      | 3526 ||| Stepping ~*~*~tactically~*~*~ (hiding).
  3532 | D:5      | 3532 ||| INVOKING Heroism.
  3578 | D:5      | 3578 ||| Stepping ~*~*~tactically~*~*~ (stealth).
  3584 | D:5      | Reached skill level 7 in Axes
  3584 | D:5      | Reached skill level 3 in Invocations
  3612 | D:5      | Reached XP level 8. HP: 48/48 MP: 10/10
  3629 | D:5      | Found a sand-covered staircase.
  3630 | D:5      | 3630 ||| READING 2 scrolls labelled WIAMUOCL RYIBLI.
  3631 | D:5      | 3631 ||| DROPPING scroll of immolation.
  3637 | Ossuary  | Entered an ossuary
  3645 | Ossuary  | 3645 ||| INVOKING Heroism.
  3738 | Ossuary  | 3738 ||| INVOKING Heroism.
  3762 | Ossuary  | Reached ** piety under Okawaru
  3972 | Ossuary  | 3972 ||| READING scroll labelled HIS BO LOESMOV.
  3973 | Ossuary  | 3973 ||| DRINKING 3 fuming sapphire potions.
  3974 | Ossuary  | 3974 ||| READING 3 scrolls of identify.
  3974 | Ossuary  | 3974 ||| IDENTIFYING fizzy orange potion
  3975 | Ossuary  | 3975 ||| READING 2 scrolls of identify.
  3975 | Ossuary  | 3975 ||| IDENTIFYING viscous black potion
  3976 | Ossuary  | 3976 ||| DROPPING 2 potions of flight.
  3977 | Ossuary  | 3977 ||| DROPPING potion of berserk rage.
  3991 | D:5      | 3991 ||| PLANNING D:1-11
  4176 | D:5      | Found a hide-covered altar of Uskayaw.
  4178 | D:5      | 4178 ||| UPGRADING to +0 pair of gloves.
  4183 | D:5      | 4183 ||| READING 2 scrolls of identify.
  4183 | D:5      | 4183 ||| IDENTIFYING yellow potion
  4205 | D:6      | Reached skill level 8 in Axes
  4261 | D:6      | Reached skill level 6 in Fighting
  4284 | D:6      | Reached *** piety under Okawaru
  4285 | D:6      | Reached XP level 9. HP: 54/55 MP: 12/12
  4394 | D:6      | 4394 ||| Stepping ~*~*~tactically~*~*~ (stealth).
  4425 | D:6      | 4425 ||| Stepping ~*~*~tactically~*~*~ (stealth).
  4443 | D:6      | 4443 ||| Stepping ~*~*~tactically~*~*~ (stealth).
  4644 | D:6      | Reached skill level 9 in Axes
  4719 | D:6      | 4719 ||| INVOKING Heroism.
  5112 | D:6      | 5112 ||| DROPPING +6 ring of intelligence.
  5365 | D:7      | 5365 ||| INVOKING Heroism.
  5379 | D:7      | Reached **** piety under Okawaru
  5380 | D:7      | Reached skill level 10 in Axes
  5380 | D:7      | Reached XP level 10. HP: 56/63 MP: 11/13
  5431 | D:7      | 5431 ||| Stepping ~*~*~tactically~*~*~ (stealth).
  5489 | D:7      | Noticed a two-headed ogre
  5490 | D:7      | 5490 ||| Stepping ~*~*~tactically~*~*~ (stealth).
  5493 | D:7      | 5493 ||| INVOKING Heroism.
  5507 | D:7      | Killed a two-headed ogre
  5508 | D:7      | Reached skill level 6 in Armour
  5544 | D:7      | 5544 ||| Stepping ~*~*~tactically~*~*~ (stealth).
  5546 | D:7      | 5546 ||| Stepping ~*~*~tactically~*~*~ (hiding).
  5548 | D:7      | 5548 ||| Stepping ~*~*~tactically~*~*~ (stealth).
  5565 | D:7      | 5565 ||| INVOKING Heroism.
  5569 | D:7      | Reached skill level 6 in Invocations
  5665 | D:7      | 5665 ||| Stepping ~*~*~tactically~*~*~ (hiding).
  5666 | D:7      | 5666 ||| Stepping ~*~*~tactically~*~*~ (hiding).
  6013 | D:7      | Found a staircase to the Ecumenical Temple.
  6104 | D:7      | Found a radiant altar of Vehumet.
  6106 | D:7      | 6106 ||| INVOKING Heroism.
  6109 | D:7      | 6109 ||| Stepping ~*~*~tactically~*~*~ (hiding).
  6275 | D:7      | 6275 ||| UPGRADING to +1 pair of gloves.
  6285 | D:7      | 6285 ||| DROPPING +0 pair of gloves.
  6286 | D:7      | 6286 ||| DROPPING ring of flight.
  6287 | D:7      | 6287 ||| READING 2 scrolls of identify.
  6287 | D:7      | 6287 ||| IDENTIFYING dark potion
  6437 | D:8      | 6437 ||| INVOKING Heroism.
  6450 | D:8      | Reached ***** piety under Okawaru
  6500 | D:8      | 6500 ||| SWAPPING to +2 vampiric war axe.
  6538 | D:8      | Noticed a skeletal warrior
  6538 | D:8      | Found the +5 scythe "Finisher" {speed, eviscerate}
  6539 | D:8      | 6539 ||| INVOKING Heroism.
  6555 | D:8      | Killed a skeletal warrior
  6555 | D:8      | Identified the +0 hat of the Ancient Artisans {rC- rN+
                  | Dex+4} (Okawaru gifted it to you on level 8 of the Dungeon)
  6555 | D:8      | Received a gift from Okawaru
  6868 | D:8      | 6868 ||| Stepping ~*~*~tactically~*~*~ (hiding).
  6869 | D:8      | 6869 ||| Stepping ~*~*~tactically~*~*~ (hiding).
  6875 | D:8      | 6875 ||| INVOKING Heroism.
  6899 | D:8      | 6899 ||| Stepping ~*~*~tactically~*~*~ (stealth).
  6904 | D:8      | Reached XP level 11. HP: 68/68 MP: 16/16
  6906 | D:8      | 6906 ||| Stepping ~*~*~tactically~*~*~ (stealth).
  7169 | D:8      | 7169 ||| Stepping ~*~*~tactically~*~*~ (stealth).
  7171 | D:8      | 7171 ||| Stepping ~*~*~tactically~*~*~ (stealth).
  7173 | D:8      | 7173 ||| Stepping ~*~*~tactically~*~*~ (stealth).
  7174 | D:8      | 7174 ||| INVOKING Heroism.
  7193 | D:8      | Reached skill level 11 in Axes
  7246 | D:8      | Found a staircase to the Lair.
  7246 | D:8      | Noticed a two-headed ogre
  7247 | D:8      | 7247 ||| INVOKING Heroism.
  7257 | D:8      | Killed a two-headed ogre
  7352 | D:8      | 7352 ||| INVOKING Heroism.
  7360 | D:8      | Reached skill level 9 in Invocations
  7574 | D:8      | 7574 ||| INVOKING Heroism.
  7683 | D:8      | 7683 ||| Stepping ~*~*~tactically~*~*~ (hiding).
  7684 | D:8      | 7684 ||| Stepping ~*~*~tactically~*~*~ (hiding).
  7685 | D:8      | 7685 ||| Stepping ~*~*~tactically~*~*~ (hiding).
  8427 | D:8      | 8427 ||| PLANNING LAIR
  8427 | D:8      | 8427 ||| READING scroll labelled QACZOU BIEH.
  8428 | D:8      | 8428 ||| READING scroll labelled VASIYPP DUPURPH.
  8429 | D:8      | 8429 ||| READING scroll labelled LIC IZIUBALEFU.
  8521 | Lair:1   | Entered Level 1 of the Lair of Beasts
  8539 | Lair:1   | Found a transporter.
  8549 | Lair:1   | Found a transporter.
  8554 | Lair:1   | Noticed qw's ghost (journeyman GrFi)
  8554 | Lair:1   | Noticed a six-headed hydra
  8661 | Lair:1   | 8661 ||| INVOKING Heroism.
  8712 | Lair:1   | Noticed a wolf spider
  8713 | Lair:1   | 8713 ||| INVOKING Heroism.
  8727 | Lair:1   | Reached skill level 9 in Fighting
  8728 | Lair:1   | Killed a wolf spider
  8887 | Lair:1   | 8887 ||| INVOKING Heroism.
  8909 | Lair:1   | 8909 ||| INVOKING Heroism.
  9186 | Lair:1   | Found the +3 warlock's mirror {reflect}
  9640 | Lair:2   | 9640 ||| INVOKING Heroism.
  9678 | Lair:2   | 9678 ||| Stepping ~*~*~tactically~*~*~ (hiding).
  9681 | Lair:2   | 9681 ||| Stepping ~*~*~tactically~*~*~ (hiding).
  9828 | Lair:2   | 9828 ||| INVOKING Heroism.
  9830 | Lair:2   | 9830 ||| Stepping ~*~*~tactically~*~*~ (stealth).
  9831 | Lair:2   | 9831 ||| Stepping ~*~*~tactically~*~*~ (stealth).
  9832 | Lair:2   | 9832 ||| Stepping ~*~*~tactically~*~*~ (stealth).
  9852 | Lair:2   | HP: 16/71 [komodo dragon (6)]
  9853 | Lair:2   | 9853 ||| READING scroll of teleportation.
  9855 | Lair:2   | HP: 2/71 [komodo dragon (15)]
 10090 | Lair:2   | 10090 ||| INVOKING Heroism.
 10105 | Lair:2   | Reached XP level 12. HP: 76/76 MP: 19/19
 10106 | Lair:2   | Reached skill level 12 in Axes
 10144 | Lair:2   | Reached skill level 6 in Shields
 10197 | Lair:2   | Found a staircase to the Snake Pit.
 11070 | Lair:2   | 11070 ||| UPGRADING to amulet of the acrobat.
 11075 | Lair:2   | 11075 ||| READING 3 scrolls of identify.
 11075 | Lair:2   | 11075 ||| IDENTIFYING purple potion
 11076 | Lair:2   | 11076 ||| READING 2 scrolls of identify.
 11076 | Lair:2   | 11076 ||| IDENTIFYING ruby potion
 11077 | Lair:2   | 11077 ||| DROPPING potion of brilliance.
 11129 | Lair:3   | 11129 ||| Stepping ~*~*~tactically~*~*~ (stealth).
 11130 | Lair:3   | 11130 ||| INVOKING Heroism.
 11323 | Lair:3   | 11323 ||| INVOKING Heroism.
 11335 | Lair:3   | 11335 ||| Stepping ~*~*~tactically~*~*~ (stealth).
 11341 | Lair:3   | 11341 ||| Stepping ~*~*~tactically~*~*~ (stealth).
 11342 | Lair:3   | 11342 ||| Stepping ~*~*~tactically~*~*~ (stealth).
 11447 | Lair:3   | 11447 ||| READING scroll of enchant weapon.
 11447 | Lair:3   | 11447 ||| ENCHANTING +2 vampiric war axe.
 11611 | Lair:3   | 11611 ||| Stepping ~*~*~tactically~*~*~ (stealth).
 11615 | Lair:3   | 11615 ||| INVOKING Heroism.
 11711 | Lair:3   | Found a staircase to the Shoals.
 11763 | Lair:3   | 11763 ||| FLEEEEING.
 11766 | Lair:3   | 11766 ||| FLEEEEING.
 11767 | Lair:3   | 11767 ||| FLEEEEING.
 11768 | Lair:3   | 11768 ||| FLEEEEING.
 11769 | Lair:3   | 11769 ||| FLEEEEING.
 11770 | Lair:3   | 11770 ||| FLEEEEING.
 11771 | Lair:3   | 11771 ||| INVOKING Heroism.
 11782 | Lair:3   | Identified the +7 hand axe of Abuse {pain, rElec rPois
                  | Int+3} (Okawaru gifted it to you on level 3 of the Lair of
                  | Beasts)
 11782 | Lair:3   | Received a gift from Okawaru
 12105 | Lair:3   | 12105 ||| UPGRADING to ring of resist corrosion.
 12106 | Lair:3   | 12106 ||| READING scroll labelled XAMIDIOTEO.
 12107 | Lair:3   | 12107 ||| READING 2 scrolls of identify.
 12107 | Lair:3   | 12107 ||| IDENTIFYING sapphire potion
 12119 | Lair:4   | 12119 ||| STAIRDANCE
 12126 | Lair:3   | 12126 ||| INVOKING Heroism.
 12240 | Lair:4   | Reached skill level 13 in Axes
 12240 | Lair:4   | 12240 ||| Stepping ~*~*~tactically~*~*~ (stealth).
 12241 | Lair:4   | 12241 ||| Stepping ~*~*~tactically~*~*~ (stealth).
 12244 | Lair:4   | 12244 ||| Stepping ~*~*~tactically~*~*~ (stealth).
 12247 | Lair:4   | 12247 ||| Stepping ~*~*~tactically~*~*~ (stealth).
 12249 | Lair:4   | 12249 ||| Stepping ~*~*~tactically~*~*~ (stealth).
 12253 | Lair:4   | 12253 ||| INVOKING Heroism.
 12301 | Lair:4   | 12301 ||| Stepping ~*~*~tactically~*~*~ (hiding).
 12311 | Lair:4   | Noticed a boulder beetle
 12312 | Lair:4   | 12312 ||| INVOKING Heroism.
 12313 | Lair:4   | 12313 ||| INVOKING Finesse.
 12348 | Lair:4   | Killed a boulder beetle
 12405 | Lair:4   | 12405 ||| Stepping ~*~*~tactically~*~*~ (stealth).
 12411 | Lair:4   | 12411 ||| Stepping ~*~*~tactically~*~*~ (stealth).
 12416 | Lair:4   | 12416 ||| READING scroll of enchant weapon.
 12416 | Lair:4   | 12416 ||| ENCHANTING +3 vampiric war axe.
 12485 | Lair:4   | Identified the +1 ring mail "Dushros" {Str+9}
 12637 | Lair:4   | 12637 ||| Stepping ~*~*~tactically~*~*~ (stealth).
 12638 | Lair:4   | 12638 ||| INVOKING Heroism.
 12666 | Lair:4   | Reached XP level 13. HP: 82/82 MP: 20/20
 12674 | Lair:4   | Reached skill level 14 in Axes
 12724 | Lair:4   | Noticed Rupert
 12725 | Lair:4   | 12725 ||| INVOKING Heroism.
 12726 | Lair:4   | 12726 ||| INVOKING Finesse.
 12750 | Lair:4   | HP: 3/82 [Rupert/+0 vorpal executioner's axe (31)]
 12750 | Lair:4   | HP: 1/82 [Rupert/+0 vorpal executioner's axe (2)]
 12751 | Lair:4   | 12751 ||| READING 3 scrolls of teleportation.
 12752 | Lair:4   | 12752 ||| DRINKING potion of heal wounds.
 13113 | Lair:4   | Found a runed translucent door.
 13113 | Lair:4   | Found a viscous altar of Jiyva.
 13129 | Lair:4   | Found a staircase to the Slime Pits.
 13198 | Lair:4   | 13198 ||| UPGRADING to +1 ring mail "Dushros" {Str+9}.
 13208 | Lair:4   | 13208 ||| DROPPING +0 chain mail.
 13209 | Lair:4   | 13209 ||| DROPPING ring of magical power.
 13210 | Lair:4   | 13210 ||| READING scroll labelled ALLIUKHL ALIN.
 13211 | Lair:4   | 13211 ||| READING scroll labelled KANNAC BAZXOSI.
 13215 | Lair:5   | Entered Level 5 of the Lair of Beasts
 13219 | Lair:5   | 13219 ||| STAIRDANCE
 13225 | Lair:5   | 13225 ||| INVOKING Heroism.
 13239 | Lair:5   | 13239 ||| Stepping ~*~*~tactically~*~*~ (stealth).
 13252 | Lair:5   | 13252 ||| INVOKING Heroism.
 13271 | Lair:5   | Reached skill level 3 in Dodging
 13298 | Lair:5   | 13298 ||| Stepping ~*~*~tactically~*~*~ (stealth).
 13301 | Lair:5   | 13301 ||| INVOKING Heroism.
 13321 | Lair:5   | 13321 ||| INVOKING Finesse.
 13326 | Lair:5   | 13326 ||| SWAPPING to +0 morningstar.
 13337 | Lair:5   | 13337 ||| SWAPPING to +4 vampiric war axe.
 13368 | Lair:5   | 13368 ||| Stepping ~*~*~tactically~*~*~ (stealth).
 13370 | Lair:5   | 13370 ||| Stepping ~*~*~tactically~*~*~ (stealth).
 13372 | Lair:5   | 13372 ||| INVOKING Heroism.
 13443 | Lair:5   | 13443 ||| Stepping ~*~*~tactically~*~*~ (stealth).
 13446 | Lair:5   | 13446 ||| Stepping ~*~*~tactically~*~*~ (stealth).
 13448 | Lair:5   | 13448 ||| Stepping ~*~*~tactically~*~*~ (stealth).
 13453 | Lair:5   | 13453 ||| Stepping ~*~*~tactically~*~*~ (stealth).
 13454 | Lair:5   | 13454 ||| Stepping ~*~*~tactically~*~*~ (stealth).
 13486 | Lair:5   | 13486 ||| Stepping ~*~*~tactically~*~*~ (stealth).
 13493 | Lair:5   | 13493 ||| INVOKING Heroism.
 13538 | Lair:5   | 13538 ||| Stepping ~*~*~tactically~*~*~ (stealth).
 13540 | Lair:5   | 13540 ||| INVOKING Heroism.
 13674 | Lair:5   | Identified the +5 hand axe of a treasure trove {speed, rN+}
                  | (Okawaru gifted it to you on level 5 of the Lair of Beasts)
 13674 | Lair:5   | Received a gift from Okawaru
 13726 | Lair:5   | 13726 ||| Stepping ~*~*~tactically~*~*~ (stealth).
 13746 | Lair:5   | Reached ****** piety under Okawaru
 13756 | Lair:5   | 13756 ||| INVOKING Heroism.
 13828 | Lair:5   | 13828 ||| INVOKING Heroism.
 13829 | Lair:5   | 13829 ||| Stepping ~*~*~tactically~*~*~ (stealth).
 13832 | Lair:5   | 13832 ||| Stepping ~*~*~tactically~*~*~ (stealth).
 13881 | Lair:5   | 13881 ||| Stepping ~*~*~tactically~*~*~ (stealth).
 13884 | Lair:5   | 13884 ||| Stepping ~*~*~tactically~*~*~ (stealth).
 13885 | Lair:5   | 13885 ||| Stepping ~*~*~tactically~*~*~ (stealth).
 13887 | Lair:5   | 13887 ||| Stepping ~*~*~tactically~*~*~ (hiding).
 14003 | Lair:5   | 14003 ||| INVOKING Heroism.
 14011 | Lair:5   | HP: 21/84 [steam dragon (4)]
 14012 | Lair:5   | 14012 ||| READING 3 scrolls of teleportation.
 14018 | Lair:5   | HP: 12/84 [hell hound/blast of flame (17)]
 14019 | Lair:5   | 14019 ||| READING 2 scrolls of teleportation.
 14334 | Lair:5   | 14334 ||| INVOKING Heroism.
 14341 | Lair:5   | Reached skill level 15 in Axes
 14431 | Lair:5   | Found a large runed translucent door.
 14436 | Lair:5   | 14436 ||| FLEEEEING.
 14437 | Lair:5   | 14437 ||| FLEEEEING.
 14438 | Lair:5   | 14438 ||| FLEEEEING.
 14439 | Lair:5   | 14439 ||| FLEEEEING.
 14440 | Lair:5   | 14440 ||| FLEEEEING.
 14441 | Lair:5   | 14441 ||| FLEEEEING.
 14442 | Lair:5   | 14442 ||| FLEEEEING.
 14444 | Lair:5   | 14444 ||| FLEEEEING.
 14515 | Lair:5   | 14515 ||| INVOKING Heroism.
 14546 | Lair:5   | Found a large runed translucent door.
 14548 | Lair:5   | 14548 ||| INVOKING Finesse.
 14549 | Lair:5   | 14549 ||| INVOKING Heroism.
 14551 | Lair:5   | 14551 ||| SWAPPING to +0 morningstar.
 14556 | Lair:5   | 14556 ||| Stepping ~*~*~tactically~*~*~ (hiding).
 14557 | Lair:5   | 14557 ||| Stepping ~*~*~tactically~*~*~ (hiding).
 14564 | Lair:5   | 14564 ||| SWAPPING to +4 vampiric war axe.
 14568 | Lair:5   | 14568 ||| Stepping ~*~*~tactically~*~*~ (hiding).
 14601 | Lair:5   | 14601 ||| INVOKING Finesse.
 14602 | Lair:5   | 14602 ||| SWAPPING to +0 morningstar.
 14610 | Lair:5   | 14610 ||| Stepping ~*~*~tactically~*~*~ (stealth).
 14613 | Lair:5   | HP: 19/85 [five-headed hydra (7)]
 14614 | Lair:5   | 14614 ||| READING scroll of teleportation.
 14614 | Lair:5   | HP: 3/85 [five-headed hydra (12)]
 14614 | Lair:5   | Slain by a five-headed hydra

Levels and vault maps discovered:
D:1:      minmay_arrival_diagonal_passages, layout_basic, serial_shops, shop,
          basic_ecumenical_altar
D:2:      layout_loops_ring, serial_shops, nicolae_shop_stone,
          skrybe_limestone_x, corexii_leaking_fountain, corexii_hall_statues_i,
          minmay_small_reverse_x
D:3:      layout_basic, hellmonk_okawaru_the_only_friend_you_need,
          gup_sewer_entry_bubbles, corexii_hall_statues_i,
          minmay_splitting_lines, minivault_26, uniq_crazy_yiuf_cottage,
          uniq_robin
D:4:      layout_rooms, uniq_eustachio
D:5:      layout_rooms, nicolae_uskayaw_suspiria, nicolae_ossuary_entry_monument
D:6:      layout_cave_pods, nicolae_concentric_dashed_squares_mild,
          minmay_misc_feat_iff
D:7:      minmay_polygon_palace, layout_rooms, nicolae_vehumet_radiance,
          temple_statues, minivault_1
D:8:      layout_layer_cave, lair_entry_dummy, serial_co_window_serial,
          co_window_paths_a, co_window_of_opportunity_a, co_window_corner_a,
          co_window_corner_a, co_window_paths_b, co_window_paths_b,
          co_window_paths_b, co_window_2corner, co_window_corner_cb,
          co_window_corner_ca, co_window_4corner_b, glass_columns_b,
          glass_columns_b, glass_columns_c, glass_columns_c,
          minmay_guarded_unrand_finisher
Lair:1:   layout_small_grid, gammafunk_ghost_arena,
          nicolae_lair_run_with_the_wolves
Lair:2:   layout_layer_cave, minmay_snake_entry_guardpost_small
Lair:3:   layout_long_grid, elwin_shoals_entry_rooms, serial_bayou_shore_b,
          wad_woods_river_01
Lair:4:   layout_roguey, slime_entry_2, grunt_megastairs_2, uniq_rupert
Lair:5:   cheibrodos_lair_end_hotspot, layout_loops_ring,
          infiniplex_staircase_pool

Skill      XL: |  1  2  3  4  5  6  7  8  9 10 11 12 13 |
---------------+----------------------------------------+-----
Axes           | 2 3 4 5 6 7 8 10 11 13 15 | 15.0
Fighting       | 4 6 7 8 9 10 11 | 11.7
Dodging        | 1 2 3 |  3.0
Invocations    | 3 4 7 10 | 10.0
Armour         | 4 5 6 7 8 |  8.3
Shields        | 5 6 7 |  7.2
Throwing       | |  0.4

Action                   |  1- 3 |  4- 6 |  7- 9 | 10-12 | 13-15 || total
-------------------------+-------+-------+-------+-------+-------++-------
Melee: War axe           |   129 |   205 |   149 |   612 |   245 ||  1340
       Morningstar       |       |       |       |       |    28 ||    28
Throw: Javelin           |     2 |     7 |       |       |       ||     9
Invok: Heroism           |       |       |     6 |    25 |    13 ||    44
       Finesse           |       |       |       |     1 |     4 ||     5
  Use: Scroll            |     2 |     5 |     6 |    11 |     6 ||    30
       Potion            |     1 |       |     2 |       |     1 ||     4
 Stab: Distracted        |       |       |     2 |     2 |       ||     4
Armor: Scale mail        |    78 |    92 |     2 |       |       ||   172
       Chain mail        |       |       |    56 |   296 |     2 ||   354
       Ring mail         |       |       |       |       |    91 ||    91
Dodge: Dodged            |    69 |    82 |    37 |   188 |    90 ||   466
Block: Buckler           |    19 |    36 |    26 |   146 |    48 ||   275

Table legend:
 A = Non-vault XP
 B = Vault XP
 C = Vault XP percentage of total XP
 D = Non-vault monster count
 E = Vault monster count
 F = Vault count percentage of total count
                 A         B        C        D         E       F
            +---------+---------+-------+---------+---------+-------
      Total |   36327 |   13522 |  27.1 |     280 |     119 |  29.8
            +---------+---------+-------+---------+---------+-------
        D:1 |      57 |       0 |   0.0 |      30 |       0 |   0.0
        D:2 |      39 |       7 |  15.2 |      16 |       4 |  20.0
        D:3 |     131 |      79 |  37.6 |      27 |      20 |  42.6
        D:4 |     134 |     191 |  58.8 |      17 |       1 |   5.6
        D:5 |     877 |       0 |   0.0 |      23 |       0 |   0.0
        D:6 |    1877 |       0 |   0.0 |      21 |       0 |   0.0
        D:7 |    1022 |    2663 |  72.3 |      13 |      17 |  56.7
        D:8 |    3490 |    1196 |  25.5 |      26 |       3 |  10.3
     Lair:1 |    2040 |    1567 |  43.4 |       9 |       9 |  50.0
     Lair:2 |    4949 |     634 |  11.4 |      16 |       4 |  20.0
     Lair:3 |    4409 |    1610 |  26.7 |      21 |       5 |  19.2
     Lair:4 |    5775 |       0 |   0.0 |      23 |       0 |   0.0
     Lair:5 |   11527 |    5167 |  31.0 |      38 |      18 |  32.1
    Ossuary |       0 |     408 | 100.0 |       0 |      38 | 100.0
            +---------+---------+-------+---------+---------+-------
